 Dungeon Sprint DCSS version 0.20-a0-1018-ge435b50 (webtiles) character file.

3964 Krakonus1 the Fighter (level 10, -18/85 HPs)
             Began as a Demonspawn Chaos Knight on Apr 16, 2017.
             Killed from afar by Ashra the pandemonium lord (52 damage)
             ... with a poison arrow
             ... in the Dungeon (Sprint V: "Ziggurat Sprint").
             The game lasted 00:14:24 (961 turns).

Krakonus1 the Fighter (Demonspawn Chaos Knight)      Turns: 961, Time: 00:14:26

Health: -18/85     AC: 30    Str: 23    XL:     10   Next: 2%
Magic:  10/10      EV: 22    Int: 22    God:    Xom [.*....]
Gold:   0          SH:  0    Dex: 26    Spells: 9/9 levels left

rFire    + . .     SeeInvis .   M - +14 mace of Variability {chaos}
rCold    . . .     Gourm    .   (shield currently unavailable)
rNeg     . . .     Faith    +   L - +15 Maxwell's patent armour {-Cast -Tele rElec MR+ rCorr}
rPois    .         Spirit   .   (no helmet)
rElec    +         Reflect  .   (no cloak)
rCorr    +         Harm     .   (no gloves)
MR       +....     Clarity  +   (no boots) Stlth ..........NoTele +
                                a - amulet of the Turtle {Faith -Tele rF+ Int+4}
Regen    0.3/turn  NoCast   +   D - +6 ring of dexterity
MPRegen  0.2/turn               H - +6 ring of strength

@: mighty, brilliant, agile, lethally poisoned (-18 -> -38), exhausted, hasted
and slowed
A: talons 2, repulsion field 2, blurry vision 1, clarity, deterioration 1, frail
1, powered by pain 1, screaming 1, electricity resistance, weak 1, subdued magic
1
a: Renounce Religion


You were in the Dungeon.
You worshipped Xom.
You were a plaything of Xom.
You were not hungry.

You visited 1 branch

Inventory:

Hand Weapons
 M - the +14 mace of Variability (weapon) {chaos}
   (You found it in the Dungeon)

   Each time it hits an enemy it has a different, random effect.
Missiles
 N - 12 tomahawks (quivered)
Armour
 L - the +15 Maxwell's patent armour (worn) {-Cast -Tele rElec MR+ rCorr}
   (You found it in the Dungeon)

   It insulates you from electricity.
   It affects your resistance to hostile enchantments.
   It prevents spellcasting.
   It prevents most forms of teleportation.
   It protects you from acid and corrosion.
Jewellery
 a - the amulet of the Turtle (around neck) {Faith -Tele rF+ Int+4}
   (You found it in the Dungeon)

   [amulet of faith]

   It allows you to gain divine favour quickly.
   It affects your intelligence (+4).
   It protects you from fire.
   It prevents most forms of teleportation.
 m - an uncursed ring of magical power
 C - a +6 ring of dexterity
 D - a +6 ring of dexterity (left hand)
 E - a +6 ring of intelligence
 F - a +6 ring of intelligence
 G - a +6 ring of strength
 H - a +6 ring of strength (right hand)
 I - an uncursed ring of flight
 Q - an uncursed ring of fire
Wands
 y - a wand of disintegration (7/24)
 z - a wand of iceblast (4/15)
 A - a wand of lightning (5/15)
 B - a wand of acid (5/15)
Scrolls
 i - 4 scrolls of blinking
 p - 4 scrolls of amnesia
 q - 3 scrolls of recharging
 r - 6 scrolls of fog
 s - 5 scrolls of identify
 t - 5 scrolls of remove curse
Potions
 d - 10 potions of curing
 e - 6 potions of heal wounds
 f - 5 potions of haste
 g - 7 potions of magic
 h - 2 potions of berserk rage
 j - a potion of brilliance
 l - 3 potions of resistance
 n - 4 potions of agility
 o - 4 potions of might
Books
 u - a book of Debilitation

   Spells                             Type                      Level
   a - Corona                         Hexes                        1
   b - Slow                           Hexes                        2
   c - Inner Flame                    Hexes/Fire                   3
   d - Portal Projectile              Hexes/Translocation          3
   e - Cause Fear                     Hexes                        4
   f - Leda's Liquefaction            Hexes/Earth                  4
 x - a book of Flames

   Spells                             Type                      Level
   a - Flame Tongue                   Conjuration/Fire             1
   b - Throw Flame                    Conjuration/Fire             2
   c - Conjure Flame                  Conjuration/Fire             3
   d - Inner Flame                    Hexes/Fire                   3
   e - Sticky Flame                   Conjuration/Fire             4
   f - Fireball                       Conjuration/Fire             5
Miscellaneous
 b - a fan of gales
 k - a sack of spiders
 J - a crystal ball of energy
 K - a lightning rod (4/4)
 O - 2 phantom mirrors
 P - a lightning rod (4/4)
Comestibles
 c - 5 bread rations
 v - 42 fruits
 w - 4 meat rations


   Skills:
 * Level 14.5 Fighting
 * Level 7.3 Maces & Flails
 * Level 12.2 Armour
 * Level 9.5 Dodging


You had 9 spell levels left.
You didn't know any spells.

Dungeon Overview and Level Annotations

Branches:
Dungeon (1/1)

Altars:
Ashenzari
Cheibriados
Dithmenos
Elyvilon
Fedhas
Gozag
Hepliaklqana
Kikubaaqudgha
Makhleb
Nemelex Xobeh
Okawaru
Qazlal
Ru
Sif Muna
Trog
Uskayaw
Vehumet
Wu Jian
Xom
Yredelemnul
Zin
The Shining One
Beogh
Jiyva
Lugonu


Innate Abilities, Weirdness & Mutations

You have razor-sharp toenails.
You are surrounded by a moderate repulsion field. (EV +3)
You sometimes gain a little power by taking damage.
Scrolls take you a little longer to read.
You possess an exceptional clarity of mind.
Your body sometimes deteriorates upon taking damage.
You are frail. (-10% HP)
You occasionally shout uncontrollably at your foes.
You are resistant to electric shocks. (rElec)
You are weak. (Str -2)
Your spells are a little easier to cast, but a little less powerful.


Message History

Galamas shouts, "Tremble, thou plume-plucked tickle-brained bum-bailey!"
The ufetubus shouts!
The crimson imp shouts!
The crimson imp picks up a +2 flail of crushing.
The crimson imp wields a +2 flail of crushing.
Galamas sneers, "Remove thy stench, thou rank moon-mazed urchin!"
Found six items.
Really read with blurry vision while enemies are nearby?
You begin reading the scroll.
You continue reading the scroll.
Ashra gestures at you. The poison arrow misses you.
As you read the scroll of fog, it crumbles to dust.
The scroll dissolves into smoke.
Okay, then.
You feel clever all of a sudden. Ashra gestures at you.
The poison arrow hits you!
You are more poisoned.
Ouch! That really hurt!
You die...
Xom laughs nastily!

▓..8©8..▓
▓..))})...▓..).)..▓
▓...5|....▓..|)...▓
▓...455&..▓.......▓
▓...&.....▓.......▓
▓..5......▓.......▓
▓..§.§§§..▓.......▓
▓.▓.§§§§▓.▓.▓...▓.▓
▓...§@§...▓.......▓
▓▓▓▓▓▓▓▓▓▓▓▓▓▓▓▓▓▓▓
▓..8©8..▓ ▓....)..▓
▓..))[..▓ ▓....†..▓
▓†......▓ ▓.......▓
▓.......▓


You could see Ashra, an orange demon, a white imp and an ufetubus.

Vanquished Creatures
  2 shining eyes (D)
  2 wolf spiders (D)
  2 yaktaurs (D)
  2 jumping spiders (D)
  3 merfolk (D)
  2 redbacks (D)
  A ynoxinul (D)
  A golden eye (D)
  A necrophage (D)
  A phantom (D)
  A centaur (D)
  2 quasits (D)
  2 jellies (D)
  An orc priest (D)
  An orc wizard (D)
  An ufetubus (D)
  An ooze (D)
  3 orcs (D)
29 creatures vanquished.

Vanquished Creatures (others)
  A centaur (D)
1 creature vanquished.

Grand Total: 30 creatures vanquished

Notes
Turn   | Place    | Note
-------+----------+-------------------------------------------
     0 | D        | Krakonus1 the Demonspawn Chaos Knight began the quest for the Orb.
     0 | D        | Reached XP level 1. HP: 18/18 MP: 1/1
     0 | D        | Found a deep blue altar of Sif Muna.
     0 | D        | Found a sacrificial altar of Ru.
     0 | D        | Found a bloodstained altar of Trog.
     0 | D        | Found a stormy altar of Qazlal.
     0 | D        | Found an iron altar of Okawaru.
     0 | D        | Found a sparkling altar of Nemelex Xobeh.
     0 | D        | Found a blossoming altar of Fedhas.
     2 | D        | Found an ancient bone altar of Kikubaaqudgha.
     2 | D        | Found a viscous altar of Jiyva.
     2 | D        | Found a corrupted altar of Lugonu.
     2 | D        | Found a hazy altar of Hepliaklqana.
     2 | D        | Found a burning altar of Makhleb.
     2 | D        | Found an opulent altar of Gozag.
    55 | D        | Gained mutation: You are surrounded by a mild repulsion field. (EV +2) [demonic ancestry]
    55 | D        | Reached XP level 2. HP: 24/24 MP: 2/2
    59 | D        | Entered arena 1.
    59 | D        | Noticed a phantom
    59 | D        | Noticed a necrophage
    63 | D        | XOM: harmless Fire miscast
    65 | D        | Killed a phantom
    65 | D        | Reached skill level 5 in Fighting
    65 | D        | Reached XP level 3. HP: 27/33 MP: 3/3
    65 | D        | Reached XP level 4. HP: 32/39 MP: 4/4
    72 | D        | XOM: harmless Pois miscast
    75 | D        | XOM: potion effect (berserk rage)
    76 | D        | Killed a necrophage
    76 | D        | Reached skill level 6 in Fighting
    76 | D        | Reached XP level 5. HP: 45/45 MP: 5/5
    80 | D        | Got the amulet of the Turtle {Faith -Tele rF+ Int+4}
    81 | D        | XOM: divination: detect creatures
   118 | D        | Entered arena 2.
   118 | D        | Noticed a merfolk
   118 | D        | Noticed a merfolk
   118 | D        | Noticed a merfolk
   128 | D        | XOM: potion effect (brilliance)
   138 | D        | XOM: potion effect (invisibility)
   139 | D        | Killed a merfolk
   139 | D        | Reached skill level 8 in Fighting
   139 | D        | Reached skill level 5 in Dodging
   139 | D        | Gained mutation: You are surrounded by a moderate repulsion field. (EV +3) [demonic ancestry]
   139 | D        | Reached XP level 6. HP: 23/57 MP: 6/6
   143 | D        | XOM: potion effect (agility)
   147 | D        | Killed a merfolk
   147 | D        | Reached skill level 9 in Fighting
   147 | D        | Gained mutation: You have sharp toenails. [demonic ancestry]
   147 | D        | Reached XP level 7. HP: 27/64 MP: 7/7
   150 | D        | XOM: potion effect (agility)
   153 | D        | Killed a merfolk
   153 | D        | Reached skill level 10 in Fighting
   156 | D        | XOM: harmless Hex miscast
   327 | D        | Entered arena 3.
   327 | D        | Noticed a yaktaur
   327 | D        | Noticed a yaktaur
   327 | D        | XOM: divination: detect items
   328 | D        | XOM: divination: detect creatures
   336 | D        | XOM: cast spell 'Summon Butterflies'
   338 | D        | XOM: harmless Fire miscast
   341 | D        | XOM: harmless Chrm miscast
   343 | D        | Killed a yaktaur
   343 | D        | Reached XP level 8. HP: 64/74 MP: 8/8
   344 | D        | XOM: cast spell 'Olgreb's Toxic Radiance'
   348 | D        | Killed a yaktaur
   348 | D        | Reached skill level 11 in Fighting
   400 | D        | Entered arena 4.
   401 | D        | Reached skill level 10 in Armour
   416 | D        | XOM: mild Fire miscast
   439 | D        | XOM: give mutations
   439 | D        | Gained mutation: You are resistant to electric shocks. (rElec) [Xom's mischief]
   439 | D        | Gained mutation: You are frail. (-10% HP) [Xom's mischief]
   492 | D        | Entered arena 5.
   841 | D        | Entered arena 6.
   841 | D        | Noticed a shining eye
   841 | D        | Noticed a shining eye
   847 | D        | Gained mutation: You possess an exceptional clarity of mind. [a shining eye]
   848 | D        | Gained mutation: You occasionally shout uncontrollably at your foes. [a shining eye]
   856 | D        | Gained mutation: Your spells are a little easier to cast, but a little less powerful. [a shining eye]
   862 | D        | XOM: summons 4 hostile demons
   862 | D        | Gained mutation: You are weak. (Str -2) [a shining eye]
   863 | D        | Killed a shining eye
   863 | D        | Reached skill level 12 in Fighting
   863 | D        | Gained mutation: You have razor-sharp toenails. [demonic ancestry]
   863 | D        | Reached XP level 9. HP: 60/74 MP: 9/9
   863 | D        | Gained mutation: Scrolls take you a little longer to read. [a shining eye]
   864 | D        | XOM: harmless Tmut miscast
   865 | D        | Killed a shining eye
   865 | D        | Reached skill level 13 in Fighting
   870 | D        | XOM: give mutation
   870 | D        | Gained mutation: Your body sometimes deteriorates upon taking damage. [Xom's mischief]
   913 | D        | Entered arena 7.
   913 | D        | Noticed a wolf spider
   913 | D        | Noticed a wolf spider
   913 | D        | Noticed a jumping spider
   913 | D        | Noticed a jumping spider
   929 | D        | XOM: noise
   931 | D        | Killed a wolf spider
   933 | D        | Killed a wolf spider
   933 | D        | Reached skill level 14 in Fighting
   933 | D        | XOM: harmless Necr miscast
   937 | D        | Killed a jumping spider
   937 | D        | XOM: swap monsters
   942 | D        | Killed a jumping spider
   942 | D        | Gained mutation: You sometimes gain a little power by taking damage. [demonic ancestry]
   942 | D        | Reached XP level 10. HP: 36/85 MP: 10/10
   958 | D        | Entered arena 8.
   958 | D        | Noticed Ashra the pandemonium lord
   958 | D        | Noticed Galamas the pandemonium lord
   958 | D        | Noticed an orange demon
   961 | D        | Killed from afar by Ashra the pandemonium lord

Vault maps used:
D:        sprint_v

Skill      XL: |  1  2  3  4  5  6  7  8  9 |
---------------+----------------------------+-----
Maces & Flails | 7 |  7.3
Fighting       | 5 6 8 9 10 12 14 | 14.5
Armour         | 3 4 6 7 9 10 12 | 12.2
Dodging        | 3 4 5 6 7 8 9 |  9.5

Action                   |  1- 3 |  4- 6 |  7- 9 | 10-12 || total
-------------------------+-------+-------+-------+-------++-------
Melee: Great mace        |     5 |    21 |    47 |       ||    73
       Kick              |       |       |    14 |       ||    14
Evoke: Wand              |       |       |     1 |       ||     1
  Use: Potion            |     1 |     2 |     9 |     1 ||    13
       Scroll            |       |     1 |     2 |     1 ||     4
 Stab: Invisible         |       |     2 |     4 |       ||     6
Armor: Plate armour      |     2 |    14 |    48 |       ||    64
Dodge: Dodged            |     3 |    25 |    92 |     1 ||   121
